 Dungeon Crawl Stone Soup version 0.30-a0-802-gb92711bcdf (webtiles) character file.

Game seed: 3219964523806968172

9247 cheesebisquit the Severer (level 11, -4/95 HPs)
             Began as a Hill Orc Monk on Feb 23, 2023.
             Was an Elder of Beogh.
             Slain by a minotaur
             ... wielding the +7 dire flail "Fuirch" {freeze, MP+9}
              (7 damage)
             ... in a Gauntlet.
             The game lasted 00:54:19 (11775 turns).

cheesebisquit the Severer (Hill Orc Monk)          Turns: 11775, Time: 00:54:20

Health: -4/95      AC: 17    Str: 25    XL:     11   Next: 43%
Magic:  11/11      EV: 12    Int: 10    God:    Beogh [****..]
Gold:   1561       SH:  5    Dex: 13    Spells: 10/10 levels left

rFire   . . .      SeeInvis .    a - +4 broad axe (elec)
rCold   . . .      Faith    .    m - +0 buckler
rNeg    . . .      Spirit   .    i - +0 plate armour
rPois   .          Reflect  .    z - +0 helmet
rElec   .          Harm     .    (no cloak)
rCorr   .          Rampage  .    (no gloves)
Will    .....      NoTele   +    n - +2 pair of boots Stlth
                                 J - amulet of regeneration
HPRegen 1.15/turn                Q - +6 ring of strength
MPRegen 0.12/turn                L - +5 ring of evasion

@: hasted, studying Maces & Flails, very quick
A: no striking features
a: Renounce Religion, Smiting, Recall Orcish Followers


You were in a Gauntlet.
You worshipped Beogh.
Beogh was greatly pleased with you.
You visited 2 branches of the dungeon, and saw 12 of its levels.
You also visited: Ossuary, Bailey and Gauntlet.

You collected 1561 gold pieces.

Inventory:

Hand Weapons
 a - a +4 broad axe of electrocution (weapon)
 T - a +4 executioner's axe of electrocution
Missiles
 j - 22 boomerangs (quivered)
 u - a throwing net
 E - 3 boomerangs of dispersal
 G - 23 poisoned darts
 M - 10 curare-tipped darts
 S - 2 datura-tipped darts
Armour
 i - a +0 plate armour (worn)
 m - a +0 buckler (worn)
 n - a +2 pair of boots (worn)
 z - a +0 helmet (worn)
Jewellery
 g - a ring of wizardry
 k - a ring of see invisible
 q - an amulet of magic regeneration
 D - an amulet of guardian spirit
 I - a ring of protection from cold
 J - an amulet of regeneration (around neck)
 L - a +5 ring of evasion (right hand)
 O - a ring of poison resistance
 P - a ring of positive energy
 Q - a +6 ring of strength (left hand)
 R - a +4 ring of protection
Wands
 h - a wand of light (11)
 w - a wand of flame (22)
Scrolls
 d - 2 scrolls of amnesia
 f - 2 scrolls of vulnerability
 p - 6 scrolls of teleportation
 r - 2 scrolls of fear
 t - 2 scrolls of brand weapon
 y - a scroll of poison
 A - 2 scrolls of blinking
 C - a scroll of butterflies {unknown}
 K - a scroll of torment
 V - a scroll of noise {unknown}
 Y - a scroll of fog {unknown}
Potions
 b - 7 potions of curing
 c - a potion of ambrosia
 e - 4 potions of attraction
 l - 2 potions of mutation
 o - 7 potions of brilliance
 s - a potion of resistance
 x - 2 potions of lignification
 F - 2 potions of flight
 H - a potion of heal wounds
 N - a potion of might
 U - a potion of magic
 W - a potion of berserk rage


   Skills:
 + Level 8.6 Fighting
 - Level 18.0 Axes
 + Level 6.9 Armour
 - Level 2.4 Dodging
 - Level 1.5 Stealth
 + Level 6.1 Shields


You had 10 spell levels left.
You didn't know any spells.
Your spell library contained the following spells:

 Spells                   Type           Power      Damage    Failure   Level
 Lesser Beckoning         Tloc           0%         N/A       100%        2
 Dazzling Flash           Conj/Hex       0%         N/A       100%        3
 Gell's Gravitas          Tloc           0%         N/A       100%        3
 Teleport Other           Tloc           0%         N/A       100%        3
 Tukima's Dance           Hex            0%         N/A       100%        3
 Iskenderun's Mystic Bla  Conj/Tloc      0%         2d3       100%        4
 Passage of Golubria      Tloc           0%         N/A       100%        4
 Alistair's Intoxication  Tmut/Pois      0%         N/A       100%        5
 Borgnjor's Vile Clutch   Necr/Erth      0%         N/A       100%        5
 Yara's Violent Unravell  Hex/Tmut       0%         3d3       100%        5
 Eringya's Noxious Bog    Tmut/Pois      0%         N/A       100%        6
 Starburst                Conj/Fire      0%         6d3       100%        6


Dungeon Overview and Level Annotations

Branches:
Dungeon (11/15)            Temple (1/1) D:4            Lair (0/5) D:8
    Orc (0/2) D:10        Ossuary (visited)          Bailey (visited)
Gauntlet (1/1)

Altars:
Ashenzari
Cheibriados
Dithmenos
Elyvilon
Fedhas
Gozag
Hepliaklqana
Kikubaaqudgha
Makhleb
Nemelex Xobeh
Okawaru
Qazlal
Ru
Sif Muna
Trog
Uskayaw
Vehumet
Wu Jian
Xom
Yredelemnul
Zin
The Shining One

Shops:
D:5 [

Annotations:
D:5 2 transporters, FacelessVoid's ghost, novice MiMo
D:7 2 transporters, barkas's ghost, novice DsSu Gauntlet 11 transporters


Message History

You enter the transporter and appear at another place.
There is a transporter here.
There is a transporter here.
You enter the transporter and appear at another place.
You open the door.
A minotaur comes into view.
It is wielding the +7 dire flail "Fuirch" {freeze, MP+9}, wearing a +3 plate armour of cold resistance and quivering silver javelins.
The minotaur bellows!
The minotaur throws a silver javelin.
The silver javelin pierces through you!!
Found four items.
Throw: 4 darts (datura)
Press: ? - help, Shift-Dir - straight line, f - minotaur
Aim: a minotaur, wielding the +7 dire flail "Fuirch" {freeze, MP+9}, wearing a +3 plate armour of cold resistance, wearing a ring of see invisible and quivering silver javelins (76% to hit, chance to frenzy on hit: 3%)
You throw a datura-tipped dart.
The datura-tipped dart closely misses the minotaur.
Save game and exit?
Okay, then.
Okay, then.
Throw: 3 darts (datura)
Press: ? - help, Shift-Dir - straight line, f/p - minotaur
Aim: a minotaur, wielding the +7 dire flail "Fuirch" {freeze, MP+9}, wearing a +3 plate armour of cold resistance, wearing a ring of see invisible and quivering silver javelins (76% to hit, chance to frenzy on hit: 3%)
You throw a datura-tipped dart.
The datura-tipped dart hits the minotaur.
The minotaur resists.
Save game and exit?
Okay, then.
Throw: 10 darts (curare)
Press: ? - help, Shift-Dir - straight line, f/p - minotaur
Aim: a minotaur, wielding the +7 dire flail "Fuirch" {freeze, MP+9}, wearing a +3 plate armour of cold resistance, wearing a ring of see invisible and quivering silver javelins (76% to hit)
Okay, then.
You feel yourself speed up.
The minotaur hits you with the +7 dire flail "Fuirch" {freeze, MP+9}!!!
The minotaur freezes you!
* * * LOW HITPOINT WARNING * * *
The minotaur gores you but does no damage.
You feel much better.
The minotaur hits you with the +7 dire flail "Fuirch" {freeze, MP+9}!!
* * * LOW HITPOINT WARNING * * *
The minotaur freezes you!
You die...

######...#≈≈≈#
#©..8#...#...########
#...©#.8.#..........#
#©..8#.⌠.#.8.###.##.##
######.8.#.©........8#
...###...#.8.#.#.....
##.###...#.©.#.#.#######
#..#.#.8.#.8.#...#8(8[8:
.©...#.∩.#.©.###@H......
..##.#.8.#.8.#...#8.8}8[
.###.#...#.©.#.#.# #####
4©.[.#...#.8.#.#..
######.8.#.©......
#©..8#.⌠.#.8.###.##
#...©#.8.#........
#©..8#...#...#####
######...#≈≈≈#


You could see a minotaur.

Vanquished Creatures
  A two-headed ogre (D:8)
  A sixfirhy (Gauntlet)
  An orc knight (Bailey)
  A rime drake (D:8)
  An unseen horror (D:9)
  A shadow (D:10)
  A wyvern (D:9)
  8 yaks (D:10)
  A steam dragon (D:9)
  Menkaure (Ossuary)
  3 vampire mosquitoes
  A warg (D:10)
  A water moccasin (D:6)
  4 orc warriors
  A sky beast (D:7)
  7 ice beasts
  3 black bears
  2 centaurs
  2 wolves
  2 ogres
  5 kobold brigands (Bailey)
  3 necrophages
  3 scorpions
  4 bullfrogs
  A wyvern zombie (D:8)
  An elf skeleton (D:4)
  8 wights
  5 killer bees (D:9)
  2 electric eels (D:8)
  3 howler monkeys
  A hound (D:5)
  4 centaur zombies (D:8)
  3 human zombies (D:4)
  7 orc priests
  A human skeleton (D:4)
  An iguana (D:4)
  6 orc wizards
  A statue (D:4)
  3 mummies (Ossuary)
  4 howler monkey zombies (D:8)
  6 gnolls
  10 adders
  4 ufetubi (Gauntlet)
  3 worms
  2 dart slugs (D:1)
  14 orcs
  15 ball pythons
  4 endoplasms
  5 giant cockroaches
  7 gnoll zombies (Ossuary)
  5 goblins
  7 hobgoblins
  6 jackals
  19 kobolds
  3 quokkas
  11 bats
  3 frilled lizards
  2 gnoll skeletons (Ossuary)
  6 goblin skeletons (Ossuary)
  5 goblin zombies (Ossuary)
  2 hobgoblin skeletons (Ossuary)
  8 hobgoblin zombies (Ossuary)
  7 kobold skeletons (Ossuary)
  A kobold zombie (Ossuary)
  6 orc skeletons
  An orc zombie (Ossuary)
  3 rats
  3 rat skeletons (Ossuary)
  3 rat zombies (Ossuary)
280 creatures vanquished.

Vanquished Creatures (collateral kills)
  2 yaks (D:10)
  A warg (D:10)
  3 howler monkeys (D:10)
  An orc wizard (D:10)
  3 orcs (D:10)
  2 goblins (D:10)
12 creatures vanquished.

Vanquished Creatures (others)
  An orc priest (D:10)
  An orc warrior (Bailey)
  An orc wizard (D:6)
  10 orcs
  A demonic plant (Gauntlet)
  2 fungi (D:3)
  2 plants
18 creatures vanquished.

Grand Total: 310 creatures vanquished

Notes
Turn   | Place    | Note
-------+----------+-------------------------------------------
     0 | D:1      | cheesebisquit the Hill Orc Monk began the quest for the
                  | Orb.
     0 | D:1      | Reached XP level 1. HP: 19/19 MP: 1/1
   129 | D:1      | Reached XP level 2. HP: 26/26 MP: 2/2
   171 | D:1      | Reached skill level 5 in Axes
   315 | D:1      | Reached XP level 3. HP: 24/31 MP: 3/3
  1012 | D:2      | Reached skill level 6 in Axes
  1278 | D:2      | Reached XP level 4. HP: 39/39 MP: 4/4
  1721 | D:3      | Reached skill level 7 in Axes
  1922 | D:3      | Reached XP level 5. HP: 37/45 MP: 5/5
  2107 | D:3      | Found a faded altar of an unknown god.
  2497 | D:4      | You fall into a shaft and drop 2 floors!
  2506 | D:5      | Entered Level 5 of the Dungeon
  2598 | D:5      | Found a transporter.
  2627 | D:4      | Reached skill level 8 in Axes
  2636 | D:4      | Reached XP level 6. HP: 26/51 MP: 6/6
  2826 | D:4      | Reached skill level 9 in Axes
  2841 | D:4      | Found a sand-covered staircase.
  2869 | Ossuary  | Entered an ossuary
  3855 | Ossuary  | Noticed Menkaure
  3969 | Ossuary  | Killed Menkaure
  3970 | Ossuary  | Reached skill level 10 in Axes
  3970 | Ossuary  | Reached XP level 7. HP: 47/57 MP: 7/7
  4429 | D:4      | Reached skill level 11 in Axes
  4537 | D:4      | Found a staircase to the Ecumenical Temple.
  4590 | Temple   | Entered the Ecumenical Temple
  4861 | D:4      | Found a radiant altar of Vehumet.
  5366 | D:5      | Found Nofemid's Antique Armour Shoppe.
  5837 | D:5      | Found a transporter.
  5840 | D:5      | Noticed FacelessVoid's ghost (novice MiMo)
  5848 | D:5      | Reached skill level 12 in Axes
  5848 | D:5      | Reached XP level 8. HP: 26/64 MP: 2/8
  5861 | D:5      | Noticed a wyvern
  6434 | D:6      | Reached skill level 13 in Axes
  6473 | D:6      | Became a worshipper of Beogh the Brigand
  6473 | D:6      | Reached * piety under Beogh
  6473 | D:6      | Reached ** piety under Beogh
  7035 | D:7      | Reached skill level 14 in Axes
  7362 | D:7      | Reached XP level 9. HP: 54/68 MP: 9/9
  7434 | D:7      | Found a transporter.
  7443 | D:7      | Noticed a cyclops
  7452 | D:7      | Noticed barkas's ghost (novice DsSu)
  7464 | D:7      | Found a transporter.
  7592 | D:7      | Reached skill level 1 in Armour
  7995 | D:7      | Reached skill level 5 in Fighting
  8342 | D:8      | Reached skill level 15 in Axes
  8406 | D:8      | Noticed a rime drake
  8512 | D:7      | Reached skill level 16 in Axes
  8530 | D:8      | Killed a rime drake
  8531 | D:8      | Reached skill level 1 in Shields
  8627 | D:8      | Reached XP level 10. HP: 73/83 MP: 10/10
  8640 | D:8      | Found a staircase to the Lair.
  8699 | D:8      | Identified 2 scrolls of acquirement
  8699 | D:8      | Acquired 250 gold pieces
  8701 | D:8      | Acquired a +2 broad axe of electrocution
  8791 | D:8      | Found a basalt altar of Yredelemnul.
  8808 | D:8      | Reached *** piety under Beogh
  8942 | D:8      | Noticed a two-headed ogre
  8953 | D:8      | Killed a two-headed ogre
  8987 | D:8      | Reached skill level 17 in Axes
  9238 | D:9      | Found a broken altar of Ashenzari.
  9321 | D:9      | Found a white marble altar of Elyvilon.
  9569 | D:9      | Found a hazy altar of Hepliaklqana.
  9677 | D:9      | Found a hide-covered altar of Uskayaw.
  9677 | D:9      | Noticed a +0 dagger
  9679 | D:9      | Noticed a +0 hand axe
  9822 | D:9      | Killed an unseen horror
  9823 | D:9      | Reached skill level 18 in Axes
  9836 | D:9      | Found an opulent altar of Gozag.
  9845 | D:9      | Found a blossoming altar of Fedhas.
  9905 | D:9      | Found a flagged portal.
  9920 | Bailey   | Entered a bailey
  9949 | Bailey   | Reached skill level 5 in Armour
 10125 | Bailey   | Noticed an orc knight
 10130 | Bailey   | Killed an orc knight
 10133 | Bailey   | Reached XP level 11. HP: 81/92 MP: 11/11
 10165 | Bailey   | Reached **** piety under Beogh
 10174 | Bailey   | Found an iron altar of Okawaru.
 10303 | D:10     | Entered Level 10 of the Dungeon
 10333 | D:10     | Reached skill level 5 in Shields
 10480 | D:10     | Found a staircase to the Orcish Mines.
 10837 | D:10     | Gained Bladwarg as an ally
 10910 | D:10     | Your ally Bladwarg died
 11297 | D:10     | Found a bloodstained altar of Trog.
 11301 | D:10     | Found a glowing golden altar of the Shining One.
 11530 | D:11     | Found a gate leading to a gauntlet.
 11539 | Gauntlet | Entered a Gauntlet
 11539 | Gauntlet | Found a transporter.
 11561 | Gauntlet | Found a transporter.
 11561 | Gauntlet | Noticed a sixfirhy
 11564 | Gauntlet | Found a transporter.
 11565 | Gauntlet | Found a transporter.
 11569 | Gauntlet | Noticed a moth of wrath
 11574 | Gauntlet | Found a transporter.
 11576 | Gauntlet | Found a transporter.
 11577 | Gauntlet | Found a transporter.
 11586 | Gauntlet | Noticed a green death
 11589 | Gauntlet | Found a transporter.
 11590 | Gauntlet | Found a transporter.
 11590 | Gauntlet | Found a transporter.
 11592 | Gauntlet | Noticed a moth of wrath
 11598 | Gauntlet | Found a transporter.
 11601 | Gauntlet | Found a transporter.
 11602 | Gauntlet | Found a transporter.
 11604 | Gauntlet | Noticed a death yak
 11604 | Gauntlet | Noticed a death yak
 11604 | Gauntlet | Noticed a death yak
 11605 | Gauntlet | Noticed a death yak
 11606 | Gauntlet | Noticed a death yak
 11607 | Gauntlet | Noticed a necromancer
 11610 | Gauntlet | Found a transporter.
 11618 | Gauntlet | Noticed a death yak
 11703 | Gauntlet | Killed a sixfirhy
 11771 | Gauntlet | Found the +18 shield of the Gong {Loud rN+ Will+ rCorr
                  | EV-5}
 11771 | Gauntlet | Identified the +7 dire flail "Fuirch" {freeze, MP+9}
 11771 | Gauntlet | Noticed a minotaur
 11775 | Gauntlet | HP: 3/95 [minotaur/the +7 dire flail "Fuirch" {freeze,
                  | MP+9} (32)]
 11775 | Gauntlet | Slain by a minotaur

Illustrated notes

Levels and vault maps discovered:
D:1:      matt_arrival_refuge, layout_basic, minmay_quantized
D:2:      layout_loops_ring
D:3:      layout_basic, shapermc_ecumenical_altar_mp_urbaneastern, hex_tiny,
          minmay_misc_feat_secret_circle, minmay_shallow_snake_nest
D:4:      layout_rooms, vehumet_statue, temple_doors_cd,
          nicolae_ossuary_entry_catacombs, kennysheep_generic_room_13
D:5:      layout_loops_corners, gammafunk_ghost_arena, serial_shops,
          nicolae_inconvenience_store
D:6:      layout_rooms, minmay_misc_feat_ornament, serial_bayou_pond_d
D:7:      layout_loops_ring, nzn_ghost_randoct
D:8:      layout_basic, nicolae_yredelemnul_corpse_copse,
          hellmonk_lair_entry_icy, hangedman_glass_teeth,
          kennysheep_generic_room_9
D:9:      layout_loops_cross, cheibrodos_ashenzari_chains,
          mainiacjoe_overflow_brackets, mainiacjoe_overflow_swirl,
          dancing_weapons_uskayaw, elyvilon_altar_5, enter_bailey_7
D:10:     minmay_goldmine, layout_stronghold, gammafunk_temple_overflow_pools,
          erik_orc_4, nicolae_nh_ransacked_shop
D:11:     layout_stronghold, serial_column_ruins, column_ruins_square_small,
          column_ruins_hut_water, column_ruins_open_small,
          column_ruins_open_small, column_ruins_open_tiny,
          column_ruins_open_tiny, column_ruins_grid_3, gauntlet_entry_generic,
          gammafunk_ghost_hive
Temple:   nicolae_temple_slightly_damp_pantheon
Gauntlet: gammafunk_gauntlet_77_escape_option
          [minmay_gauntlet_arena_77_two_paths,
          minmay_gauntlet_arena_77_tiled_triplets,
          minmay_gauntlet_arena_77_p_blocks,
          minmay_gauntlet_arena_77_radiant_squares,
          minmay_gauntlet_arena_77_block_sizes,
          nicolae_gauntlet_exit_dead_adventurers]

Skill      XL: |  1  2  3  4  5  6  7  8  9 10 11 |
---------------+----------------------------------+-----
Axes           | 5 6 7 8 10 12 14 16 18 | 18.0
Fighting       | 6 7 8 |  8.6
Armour         | 4 5 6 |  6.9
Shields        | 2 4 6 |  6.1
Dodging        | |  2.4
Stealth        | |  1.5

Action                     |  1- 3 |  4- 6 |  7- 9 | 10-12 || total
---------------------------+-------+-------+-------+-------++-------
  Melee: Hand axe          |   127 |   315 |   411 |       ||   853
         Punch             |     3 |     4 |     6 |       ||    13
         Unarmed           |       |    12 |       |       ||    12
         War axe           |       |       |    94 |    25 ||   119
         Broad axe         |       |       |       |   201 ||   201
  Throw: Boomerang         |       |    25 |     3 |       ||    28
         Dart              |       |       |       |     2 ||     2
 Invoke: Convert to Beogh  |       |       |     1 |       ||     1
         Smiting           |       |       |       |     1 ||     1
         Recall Orcish Fol |       |       |       |     3 ||     3
    Use: Scroll            |       |     4 |    11 |    13 ||    28
         Potion            |       |     4 |     6 |     4 ||    14
   Stab: Sleeping          |       |     1 |       |       ||     1
         Distracted        |       |       |       |     2 ||     2
 Armour: Robe              |     6 |       |       |       ||     6
         Ring mail         |    57 |    94 |    33 |       ||   184
         Skin              |       |    18 |       |       ||    18
         Chain mail        |       |       |   131 |    19 ||   150
         Plate armour      |       |       |       |    61 ||    61
  Dodge: Dodged            |    67 |   133 |   198 |   105 ||   503
  Block: Buckler           |       |       |    21 |    45 ||    66

Table legend: (Time is in decaauts)
 A = Elapsed time spent in this place.
 B = Non-inter-level travel time spent in this place.
 C = Inter-level travel time spent in this place.
 D = Time resting spent in this place.
 E = Time spent auto-exploring this place.
 F = Levels seen in this place.
 G = Mean time per level.
                   A        B        C        D        E       F      G
               +--------+--------+--------+--------+--------+-----+--------+
         Total |  11487 |  10534 |    953 |   1110 |   6693 |  15 |  765.8 |
       Dungeon |   9438 |   8502 |    936 |    636 |   5883 |  11 |  858.0 |
        Temple |    185 |    168 |     17 |      0 |    154 |   1 |  185.0 |
       Ossuary |   1342 |   1342 |      0 |    290 |    440 |   1 | 1342.0 |
        Bailey |    287 |    287 |      0 |    144 |     77 |   1 |  287.0 |
      Gauntlet |    232 |    232 |      0 |     39 |    138 |   1 |  232.0 |
               +--------+--------+--------+--------+--------+-----+--------+

Top non-repeatable levels by time:
     D:5: 1347 daAuts
 Ossuary: 1342 daAuts
     D:4: 1201 daAuts
    D:10: 1137 daAuts
     D:8: 958 daAuts
     D:7: 929 daAuts
     D:1: 914 daAuts
     D:3: 764 daAuts
     D:2: 745 daAuts
     D:9: 733 daAuts
     D:6: 628 daAuts
  Bailey: 287 daAuts
Gauntlet: 232 daAuts
  Temple: 185 daAuts
    D:11: 78 daAuts
